 Dungeon Crawl Stone Soup version 0.27-a0-1191-g601b473118 (webtiles) character file.

Game seed: 16450267961114337431

51 shoop the Sneak (level 3, 0/19 HPs)
             Began as a Vine Stalker Delver on May 23, 2021.
             Succumbed to an adder's poison
             ... on level 2 of the Dungeon.
             The game lasted 00:02:11 (396 turns).

shoop the Sneak (Vine Stalker Delver)                Turns: 396, Time: 00:02:11

Health: 0/19       AC:  3    Str: 14    XL:     3   Next: 83%
Magic:  0/4        EV: 11    Int: 11    God:
Gold:   10         SH:  0    Dex: 15    Spells: 2/2 levels left

rFire    . . .     SeeInvis .   i - +0 rapier
rCold    . . .     Faith    .   (no shield)
rNeg     . . .     Spirit   +   b - +0 leather armour
rPois    .         Reflect  .   (no helmet)
rElec    .         Harm     .   (no cloak)
rCorr    .         Rampage  .   (no gloves)
Will     .....                  (no boots)
Stlth    +++.......             (no amulet)
HPRegen  0.06/turn              (no ring)
MPRegen  0.09/turn              (no ring)

@: lethally poisoned (0 -> -11), hasted, very quick
A: fangs 2, magic shield, antimagic bite, no potion heal 2
a: no special abilities


You were on level 2 of the Dungeon.
You visited 1 branch of the dungeon, and saw 4 of its levels.

You collected 10 gold pieces.

Inventory:

Hand Weapons
 a - a +0 short sword
 i - a +0 rapier (weapon)
Armour
 b - a +0 leather armour (worn)
Wands
 g - a wand of digging (3)
Scrolls
 c - a scroll of fog
 d - a scroll of magic mapping
 e - a scroll of fear
 h - a scroll of blinking {unknown}


   Skills:
 - Level 2.6 Fighting
 + Level 3.6 Short Blades
 - Level 1.5 Dodging
 - Level 6.0 Stealth


You had 2 spell levels left.
You didn't know any spells.
Your spell library was empty.

Dungeon Overview and Level Annotations

Branches:
Dungeon (5/15)
 Temple: D:4-7

Altars:
Gozag
Zin

Annotations:
D:4 exclusion: orc


Innate Abilities, Weirdness & Mutations

You have extremely sharp teeth.
When hurt, damage is shared between your health and your magic reserves.
Your bite disrupts and absorbs the magic of your enemies.
Potions cannot restore your health.


Message History

You barely miss the kobold. You bite the kobold. You drain its power.
The kobold is moderately wounded.
A kobold comes into view. It is wielding a +0 whip.
The kobold misses you.
You hit the kobold.
You kill the kobold!
You closely miss the adder. Your bite misses the adder.
The adder barely misses you. x2
You hit the adder. Your bite misses the adder.
The adder is lightly wounded.
The adder bites you. The kobold closely misses you.
You barely miss the adder.
The adder is lightly wounded.
The adder misses you. The kobold hits you but does no damage.
You barely miss the adder.
The adder is lightly wounded.
The adder closely misses you.
A bat comes into view.
The kobold closely misses you. The adder bites you.
You are poisoned.
The adder poisons you!
You closely miss the adder. You bite the adder, but do no damage.
The adder is lightly wounded.
You feel sick. The kobold hits you with a +0 whip. The adder bites you.
You hit the adder. Your bite misses the adder.
The adder is heavily wounded.
You feel sick. The adder bites you.
* * * LOW HITPOINT WARNING * * *
The kobold closely misses you.
Unknown command.
You feel yourself speed up.
* * * LOW HITPOINT WARNING * * *
You feel sick. The adder bites you.
* * * LOW HITPOINT WARNING * * *
You are more poisoned.
The adder poisons you! The kobold barely misses you. The adder bites you.
* * * LOW HITPOINT WARNING * * *
You miss the adder. You bite the adder, but do no damage.
The adder is heavily wounded.
You die...

#.........
#........?
#.........
#.........
#.).......
##>#####(.# #.)#
.#
#####.#######...#
#..†..#..K@Sb...#
#.####..#####...#
... #.^#.# ..#
#### #..#.#.# #
#.. #.#!# ....
#)#[# #.... #$#.#
#...$ #.#.# ..#..
#S#.


You could see an adder, a bat and a kobold.

Vanquished Creatures
  A hound (D:4)
  An adder (D:2)
  2 endoplasms (D:3)
  A giant cockroach (D:2)
  2 goblins (D:2)
  A bat (D:2)
  A frilled lizard (D:3)
  3 kobolds
  A rat (D:3)
13 creatures vanquished.

Notes
Turn   | Place    | Note
-------+----------+-------------------------------------------
     0 | D:5      | shoop the Vine Stalker Delver began the quest for the Orb.
     0 | D:5      | Reached XP level 1. HP: 11/11 MP: 2/2
    30 | D:4      | Noticed a hound
    32 | D:4      | Killed a hound
    33 | D:4      | Reached XP level 2. HP: 16/16 MP: 3/3
    33 | D:4      | Reached XP level 3. HP: 19/19 MP: 4/4
   116 | D:3      | Found a glowing silver altar of Zin.
   117 | D:3      | Found an opulent altar of Gozag.
   396 | D:2      | Succumbed to an adder's poison

Illustrated notes

Levels and vault maps discovered:
D:2:      layout_rooms, hellmonk_ecumenical_altar_blasted, basic_altar,
          minmay_circle_x
D:3:      layout_basic, grunt_temple_overflow_gold_and_silver,
          lemuel_doored_altar, minmay_misc_feat_square,
          kennysheep_generic_room_7
D:4:      layout_loops_ring, palyth_temple_overflow_mages, serial_shops,
          nicolae_shop_crystal
D:5:      layout_basic, minmay_temple_entry_mist

Skill      XL: |  1 |
---------------+----+-----
Short Blades   | 3 |  3.6
Fighting       | |  2.6
Dodging        | |  1.5
Stealth        | |  6.0

Action                   || total
-------------------------++-------
Melee: Short sword       ||     7
       Rapier            ||    40
       Bite              ||     8
  Use: Potion            ||     1
 Stab: Sleeping          ||     3
Armor: Leather armour    ||     8
Dodge: Dodged            ||    35

Table legend: (Time is in decaauts)
 A = Elapsed time spent in this place.
 B = Non-inter-level travel time spent in this place.
 C = Inter-level travel time spent in this place.
 D = Time resting spent in this place.
 E = Time spent auto-exploring this place.
 F = Levels seen in this place.
 G = Mean time per level.
                   A        B        C        D        E       F      G
               +--------+--------+--------+--------+--------+-----+--------+
         Total |    395 |    395 |      0 |      0 |    155 |   4 |   98.8 |
       Dungeon |    395 |    395 |      0 |      0 |    155 |   4 |   98.8 |
               +--------+--------+--------+--------+--------+-----+--------+

Top non-repeatable levels by time:
     D:2: 182 daAuts
     D:3: 176 daAuts
     D:4: 26 daAuts
     D:5: 10 daAuts
